 Dungeon Crawl Stone Soup version 0.30.1-11-g7821555f0a (webtiles) character file.

Game seed: 10033932607822190327

2319 jagang the Fighter (level 9, -2/75 HPs)
             Began as a Barachi Monk on Nov 8, 2023.
             Killed by divine providence
             ... invoked by an orc priest
              (14 damage)
             ... on level 7 of the Dungeon.
             The game lasted 00:18:48 (6987 turns).

jagang the Fighter (Barachi Monk)                   Turns: 6987, Time: 00:18:50

Health: -2/75      AC: 12    Str: 13    XL:     9   Next: 41%
Magic:  9/9        EV:  4    Int: 11    God:
Gold:   408        SH: 14    Dex: 18    Spells: 8/8 levels left

rFire   . . .        a - +0 falchion
rCold   . . .        x - +0 tower shield
rNeg    . . .        t - +0 chain mail
rPois   +            i - +0 helmet
rElec   .            s - scarf {shadows}
rCorr   +            (no gloves)
SInv    .            F - +0 pair of boots
Will    .....        (no amulet) Stlth
                     p - ring of poison resistance
HPRegen 0.32/turn    u - ring of resist corrosion
MPRegen 0.11/turn

%: no passive effects
@: slow
A: amphibious, slowness 1, strong legs 1, +LOS
a: Hop


You were on level 7 of the Dungeon.
You visited 1 branch of the dungeon, and saw 7 of its levels.

You collected 408 gold pieces.

Inventory:

Hand Weapons
 a - a +0 falchion (weapon)
Missiles
 m - 10 boomerangs
 n - 14 poisoned darts (quivered)
 C - a throwing net
Armour
 d - an orb of light
 i - a +0 helmet (worn)
 s - a scarf of shadows (worn)
 t - a +0 chain mail (worn)
 x - a +0 tower shield (worn)
 F - a +0 pair of boots (worn)
Jewellery
 p - a ring of poison resistance (left hand)
 u - a ring of resist corrosion (right hand)
Scrolls
 c - 2 scrolls of enchant armour {unknown}
 j - 2 scrolls of silence
 k - 2 scrolls of blinking
 l - 3 scrolls of poison
 o - 4 scrolls of teleportation
 q - 2 scrolls of fear
 y - a scroll of magic mapping {unknown}
 B - a scroll of enchant weapon
 D - a scroll of vulnerability
 E - a scroll of amnesia
 G - a scroll of identify
Potions
 b - a potion of might
 e - a potion of curing {unknown}
 f - 3 potions of flight {unknown}
 g - 5 potions of haste
 h - a potion of mutation {unknown}
 r - a potion of resistance {unknown}
 v - a potion of magic {unknown}
 w - a potion of heal wounds {unknown}
 z - a potion of berserk rage {unknown}
 A - a potion of lignification {unknown}


   Skills:
 * Level 8.8 Fighting
 * Level 8.7 Long Blades
 - Level 3.0 Throwing
 + Level 5.3 Armour
 - Level 5.0 Dodging
 + Level 4.4 Shields


You had 8 spell levels left.
You didn't know any spells.
Your spell library contained the following spells:

 Spells                   Type           Power      Damage    Failure   Level
 Sandblast                Erth           0%         2d4       100%        1
 Passwall                 Tmut/Erth      0%         N/A       100%        2
 Stone Arrow              Conj/Erth      0%         3d7       100%        3


Dungeon Overview and Level Annotations

Branches:
Dungeon (7/15)             Temple (0/1) D:7

Altars:
Cheibriados
Fedhas

Shops:
D:5 *   D:6 [

Annotations:
D:5 2 transporters, ShellytheWitch's ghost, novice KoBr


Innate Abilities, Weirdness & Mutations

You are amphibious.
You cover ground slowly.
You can hop short distances.
You have an extended range of vision and can be seen from far away.


Message History

The orc wizard points at you and mumbles some strange words.
The magic dart hits you but does no damage.
You block the orc priest's attack.
The orc priest calls down the wrath of Beogh upon you.
Pain shoots through your body!
The orc wizard mumbles some strange words.
The orc wizard flickers and vanishes!
The orc priest looks braver for a moment.
You barely miss something.
The orc priest looks braver for a moment.
The orc priest miscasts a cantrip.
Something completely misses you.
Unknown command.
You closely miss something.
The orc priest mumbles some strange prayers to Beogh against you.
Beogh smites you!
* * * LOW HITPOINT WARNING * * *
The orc priest roars loudly.
Something hits you but does no damage.
You slash something!
Reactivating autopickup.
You feel a bit more experienced. You block the orc priest's attack.
The orc priest hits you but does no damage.
You closely miss the orc priest. You block the orc priest's attack.
You completely miss the orc priest.
The orc priest hits you with a +2 dagger of pain.
* * * LOW HITPOINT WARNING * * *
You closely miss the orc priest. You block the orc priest's attack.
Throw: 15 darts (poison)
Press: ? - help, Q - select action, (/) - cycle Shift-Dir - straight line, f/p - orc priest
Aim: an orc priest, wielding a +2 dagger of pain and wearing a +0 ring mail (69% to hit)
You throw a poisoned dart.
The poisoned dart closely misses the orc priest.
The orc priest hits you but does no damage.
You writhe in agony.
* * * LOW HITPOINT WARNING * * *
You block the orc priest's attack.
The orc priest mumbles some strange prayers to Beogh against you.
Beogh smites you!
You die...

###......#
#........#######
#..##.#..##.#..#
#..#.##..#.##..#
#....##....##
.#.##..#.##..### #
#..##.#..##.#).#####... .
##....##....##)oh{oS..>
.#..##.#..##.#..@#####...
##..#.##..#.##..##
..##....##....###
#..#.##..#.##..#
#.#..##.#..##.#.#
..##....##....###
.#..##.#..##.#..#
##..#.##..#.##..#
..##....##....###


You could see a water moccasin, a hound and 2 orc priests.

Vanquished Creatures
  Sigmund (D:4)
  3 water moccasins
  An ice beast (D:5)
  2 centaurs
  3 ogres
  A phantom (D:5)
  3 scorpions (D:5)
  6 killer bees
  A howler monkey (D:5)
  3 jellies
  A gnoll bouda (D:6)
  A hound (D:5)
  2 orc priests
  4 sleepcaps
  An iguana (D:5)
  6 orc wizards
  Robin (D:2)
  8 gnolls
  12 adders
  A white imp (D:6)
  2 worms
  A dart slug (D:5)
  13 orcs
  6 endoplasms
  2 giant cockroaches
  12 goblins
  9 hobgoblins
  5 quokkas
  5 ball pythons
  A frilled lizard (D:2)
  9 kobolds
  4 rats (D:1)
130 creatures vanquished.

Notes
Turn   | Place    | Note
-------+----------+-------------------------------------------
     0 | D:1      | jagang the Barachi Monk began the quest for the Orb.
     0 | D:1      | Reached XP level 1. HP: 18/18 MP: 1/1
   533 | D:1      | Reached XP level 2. HP: 25/25 MP: 2/2
   838 | D:2      | Reached skill level 1 in Armour
   943 | D:2      | Noticed Robin
   956 | D:2      | Reached XP level 3. HP: 27/30 MP: 3/3
   963 | D:2      | Killed Robin
  1347 | D:3      | Found a blossoming altar of Fedhas.
  1603 | D:3      | Reached skill level 1 in Throwing
  1603 | D:3      | Reached XP level 4. HP: 38/38 MP: 4/4
  1621 | D:3      | Reached XP level 5. HP: 10/43 MP: 5/5
  2535 | D:4      | Reached skill level 5 in Fighting
  2535 | D:4      | Reached skill level 5 in Long Blades
  2597 | D:4      | Noticed Sigmund
  2611 | D:4      | Killed Sigmund
  2612 | D:4      | Reached skill level 1 in Shields
  2612 | D:4      | Reached XP level 6. HP: 40/51 MP: 6/6
  3134 | D:4      | Found a snail-covered altar of Cheibriados.
  3367 | D:5      | Entered Level 5 of the Dungeon
  3409 | D:5      | Reached XP level 7. HP: 4/58 MP: 7/7
  3927 | D:5      | Reached XP level 8. HP: 51/65 MP: 8/8
  4155 | D:5      | Found Zoija's Elemental Accessories.
  4536 | D:5      | Found a transporter.
  4538 | D:5      | Found a transporter.
  4539 | D:5      | Noticed ShellytheWitch's ghost (novice KoBr)
  4589 | D:5      | Reached skill level 5 in Dodging
  5791 | D:6      | Reached XP level 9. HP: 63/74 MP: 9/9
  5902 | D:6      | Found Zaint's Antique Armour Shop.
  6046 | D:6      | Reached skill level 5 in Armour
  6972 | D:7      | Found a staircase to the Ecumenical Temple.
  6987 | D:7      | Killed from afar by an orc priest

Illustrated notes

Levels and vault maps discovered:
D:1:      minmay_arrival_hallway, layout_basic, minmay_strange_pillars,
          moated_statue
D:2:      layout_rooms, uniq_robin
D:3:      layout_loops_ring, fedhas_ov_isle_minmay
D:4:      layout_loops_corners, cheibrodos_worm_habitat, uniq_sigmund
D:5:      layout_basic, gammafunk_ghost_hive, dreamdust_princess_corridor,
          grunt_decor_cap, nicolae_elemental_shop, nicolae_half_adder
D:6:      layout_loops_ring, serial_shops, shop
D:7:      layout_basic, minmay_temple_entry_proselytizer, serial_shops, shop,
          nicolae_eternal_life, kennysheep_generic_room_6

Skill      XL: |  1  2  3  4  5  6  7  8  9 |
---------------+----------------------------+-----
Long Blades    | 4 5 6 7 8 |  8.7
Armour         | 1 2 3 4 5 |  5.3
Fighting       | 4 5 6 7 8 |  8.8
Throwing       | 1 2 3 |  3.0
Dodging        | 4 5 |  5.0
Shields        | 1 2 3 4 |  4.4

Action                     |  1- 3 |  4- 6 |  7- 9 || total
---------------------------+-------+-------+-------++-------
  Melee: Falchion          |    85 |   147 |   335 ||   567
  Throw: Dart              |     5 |     5 |    37 ||    47
Ability: Hop               |     1 |     1 |     4 ||     6
    Use: Scroll            |     3 |     4 |     3 ||    10
         Potion            |       |       |     1 ||     1
 Armour: Robe              |     3 |       |       ||     3
         Ring mail         |    13 |     6 |       ||    19
         Chain mail        |       |    80 |   168 ||   248
  Dodge: Dodged            |    55 |    36 |    83 ||   174
  Block: Tower shield      |       |    80 |   175 ||   255
